 Dungeon Crawl Stone Soup version 0.25.1-9-gc5326a611f (webtiles) character file.

Game seed: 17657040619355539269

282 KamiKatze the Ducker (level 6, -7/32 HPs)
             Began as a Spriggan Fighter on Dec 30, 2020.
             Shot with a bolt by a big kobold (12 damage)
             ... in a sewer.
             The game lasted 00:16:36 (3571 turns).

KamiKatze the Ducker (Spriggan Fighter)             Turns: 3571, Time: 00:16:37

Health: -7/32      AC:  2    Str: 14    XL:     6   Next: 6%
Magic:  7/7        EV: 20    Int:  9    God:
Gold:   183        SH:  6    Dex: 16    Spells: 5/5 levels left

rFire    . . .     SeeInvis +   a - +0 rapier
rCold    . . .     Gourm    .   c - +0 buckler
rNeg     . . .     Faith    .   q - +0 robe
rPois    .         Spirit   .   (helmet restricted)
rElec    .         Reflect  .   (no cloak)
rCorr    .         Harm     .   (gloves unavailable)
MR       +....                  (boots unavailable)
Stlth    ++........             (no amulet)
HPRegen  0.10/turn              (no ring)
MPRegen  0.10/turn              (no ring)

@: very quick
A: very small, unfitting armour, see invisible, herbivore, speed 3, slow
metabolism 2
a: no special abilities


You were in a sewer.
You were not hungry.

You visited 1 branch of the dungeon, and saw 3 of its levels.
You also visited: Sewer.

You collected 183 gold pieces.

Inventory:

Hand Weapons
 a - a +0 rapier (weapon)
 b - a +0 dagger
Missiles
 e - 52 arrows
 k - 2 throwing nets
 l - 15 sling bullets
 r - 52 stones
 s - 10 poisoned darts (quivered)
 t - 2 boomerangs
Armour
 c - a +0 buckler (worn)
 q - a +0 robe (worn)
Jewellery
 o - an uncursed ring of protection from magic {unknown}
Scrolls
 g - 2 scrolls of remove curse {unknown}
 i - 6 scrolls of identify {unknown}
 p - 2 scrolls of teleportation {unknown}
 u - a scroll of magic mapping {unknown}
 y - a scroll of fog {unknown}
Potions
 d - a potion of might
 h - a potion of berserk rage {unknown}
 j - 5 potions of curing {unknown}
 m - a potion of invisibility {unknown}
 n - 2 potions of heal wounds {unknown}
 v - 2 potions of haste {unknown}
 w - 2 potions of stabbing {unknown}
 x - 3 potions of flight {unknown}
Comestibles
 f - 4 rations


   Skills:
 + Level 3.0 Fighting
 * Level 3.9 Short Blades
 + Level 2.2 Throwing
 + Level 5.3 Dodging
 + Level 2.8 Stealth
 * Level 3.1 Shields


You had 5 spell levels left.
You didn't know any spells.
Your spell library was empty.

Dungeon Overview and Level Annotations

Branches:
Dungeon (3/15)              Sewer (1/1)

Altars:
Ashenzari

Annotations:
D:2 1 runed translucent door, exclusion: sky beast, Crazy Yiuf


Innate Abilities, Weirdness & Mutations

You are very small and have problems with some larger weapons.
You are too small for most types of armour.
You have supernaturally acute eyesight. (SInv)
You are a herbivore.
You cover ground extremely quickly.
You need to consume almost no food.


Message History

You hit the big kobold but do no damage.
The big kobold is moderately wounded.
You block the big kobold's attack. The kobold hits you with a +0 dagger.
You hit the kobold but do no damage. The big kobold closely misses you.
The kobold completely misses you.
You miss the kobold. The big kobold closely misses you.
You block the kobold's attack.
You barely miss the kobold. The big kobold hits you with a +0 whip!
* * * LOW HITPOINT WARNING * * *
The kobold hits you with a +0 dagger.
* * * LOW HITPOINT WARNING * * *
You hit the kobold.
The kobold is severely wounded.
The big kobold barely misses you. The kobold closely misses you.
The big kobold hits you with a +0 whip.
* * * LOW HITPOINT WARNING * * *
The big kobold unwields a +0 whip.
The big kobold wields a +0 hand crossbow.
The big kobold shoots a bolt.
The bolt hits you!
You die...

#..#....≈≈≈≈≈...###
#.......≈≈≈≈≈...###
##......≈≈≈≈≈....##
##÷...#≈≈≈≈≈....##
#...##≈≈≈≈≈...†.#
#..##≈≈≈≈≈≈.....#
##..##≈≈≈≈≈≈......
#....#≈≈≈≈≈≈≈.....
##@....≈≈≈≈≈≈≈.....
#......≈≈≈≈≈≈≈....#
#.K...≈≈≈≈≈≈≈≈....#
#K...≈≈≈≈≈≈≈≈≈....#
#.)((≈≈≈≈≈≈≈≈≈...##
##'###≈≈≈≈≈≈###+##
.... ≈≈≈≈≈≈ #.....
≈≈≈≈≈ ##...## ≈≈≈≈


You could see a big kobold and a kobold.

Vanquished Creatures
  A big kobold (Sewer)
  Robin (D:3)
  4 adders
  4 river rats (Sewer)
  An ooze (Sewer)
  3 worms
  3 dart slugs
  2 leopard geckos (D:3)
  4 bats
  7 giant cockroaches
  19 goblins
  9 hobgoblins
  6 jackals
  2 quokkas (D:3)
  7 ball pythons
  3 frilled lizards
  15 kobolds
  28 rats
119 creatures vanquished.

Notes
Turn   | Place    | Note
-------+----------+-------------------------------------------
     0 | D:1      | KamiKatze the Spriggan Fighter began the quest for the Orb.
     0 | D:1      | Reached XP level 1. HP: 11/11 MP: 2/2
   210 | D:1      | Reached XP level 2. HP: 10/16 MP: 3/3
   292 | D:1      | Found a shattered altar of Ashenzari.
   420 | D:1      | Reached skill level 1 in Throwing
   765 | D:1      | Reached XP level 3. HP: 19/19 MP: 4/4
  1421 | D:2      | Found a runed translucent door.
  1422 | D:2      | Noticed Crazy Yiuf
  1664 | D:2      | Noticed a sky beast
  1854 | D:3      | Reached skill level 1 in Stealth
  1944 | D:3      | Reached XP level 4. HP: 16/23 MP: 5/5
  2332 | D:3      | Noticed Robin
  2365 | D:3      | Killed Robin
  2573 | D:3      | Found a glowing drain.
  2622 | D:3      | Reached skill level 5 in Dodging
  2660 | Sewer    | Entered a sewer
  2776 | Sewer    | Reached XP level 5. HP: 21/27 MP: 6/6
  3558 | Sewer    | Reached XP level 6. HP: 21/32 MP: 7/7
  3571 | Sewer    | Shot with a bolt by a big kobold

Illustrated notes

Levels and vault maps discovered:
D:1:      heliophobic_arrival_ceremonial_halls, layout_basic, ashenzari_altar_1
D:2:      layout_basic, grunt_temple_overflow_open, chequers_arboretum,
          uniq_crazy_yiuf_cottage
D:3:      layout_basic, portal_sewer_entry_a, minmay_circle_x, uniq_robin
Sewer:    sewer_minmay_treatment

Skill      XL: |  1  2  3  4  5 |
---------------+----------------+-----
Throwing       | 1 2 |  2.2
Short Blades   | 3 |  3.9
Stealth        | 1 2 |  2.8
Dodging        | 5 |  5.3
Fighting       | 3 |  3.0
Shields        | 3 |  3.1

Action                   |  1- 3 |  4- 6 || total
-------------------------+-------+-------++-------
Melee: Rapier            |   148 |   200 ||   348
Throw: Stone             |       |    24 ||    24
       Dart              |       |    11 ||    11
       Boomerang         |       |    33 ||    33
 Stab: Sleeping          |     4 |     4 ||     8
  Eat: Ration            |       |     1 ||     1
Armor: Robe              |     9 |     9 ||    18
Dodge: Dodged            |    79 |   163 ||   242
Block: Buckler           |    33 |    72 ||   105
